 Dungeon Sprint DCSS version 0.28-a0-1382-g92835e5c71 (webtiles) character file.

Game seed: 12657919124528619545

25 jt the Chopper (level 2, -7/37 HPs)
             Began as a Palentonga Fighter on Jan 1, 2022.
             Mangled by an ogre (22 damage)
             ... in the Dungeon (Sprint I: "Red Sonja").
             The game lasted 00:00:42 (96 turns).

jt the Chopper (Palentonga Fighter)                   Turns: 96, Time: 00:00:43

Health: -7/37      AC:  6    Str: 19    XL:     2   Next: 82%
Magic:  2/2        EV:  7    Int:  8    God:
Gold:   0          SH:  4    Dex:  9    Spells: 1/1 levels left

rFire   . . .      SeeInvis +   a - +0 war axe
rCold   . . .      Faith    .   c - +0 buckler
rNeg    . . .      Spirit   .   b - +0 scale mail
rPois   .          Reflect  .   (no helmet)
rElec   .          Harm     .   (no cloak)
rCorr   .          Rampage  .   (no gloves)
Will    .....      NoTele   +   (no barding)
Stlth   ..........              (no amulet)
HPRegen 0.12/turn               (no ring)
MPRegen 0.08/turn               (no ring)

@: berserking, very quick
A: large, rugged brown scales 3, see invisible, deformed body, roll 1, armoured
tail
a: Rolling Charge


You were in the Dungeon.
You visited 1 branch

Inventory:

Hand Weapons
 a - a +0 war axe (weapon)
Armour
 b - a +0 scale mail (worn)
 c - a +0 buckler (worn)
Scrolls
 j - a scroll of blinking
Potions
 d - a potion of might
 e - a potion of curing
 f - a potion of heal wounds
 g - a potion of haste
 h - 2 potions of magic


   Skills:
 - Level 3.0 Fighting
 + Level 6.1 Axes
 - Level 2.4 Armour
 - Level 2.4 Shields


You had one spell level left.
You didn't know any spells.
Your spell library was empty.

Dungeon Overview and Level Annotations

Branches:
Dungeon (1/1)

Altars:


Innate Abilities, Weirdness & Mutations

You are completely covered in rugged brown scales. (AC +3, +7% HP)
You have supernaturally acute eyesight. (SInv)
Armour fits poorly on your strangely shaped body.
You can roll at nearby foes to attack.
You have a long armoured tail.


Message History

Ijyb hits you with a +0 dagger. Ijyb hits you but does no damage.
You slash Ijyb!
Ijyb is severely wounded.
Ijyb barely misses you.
You hit Ijyb but do no damage.
Ijyb is severely wounded.
Ijyb screams, "No!
No, no, no, no!"
Ijyb hits you but does no damage.
You hit Ijyb. You tail-slap Ijyb, but do no damage.
Ijyb is almost dead.
Ijyb hits you but does no damage. Ijyb closely misses you.
You hit Ijyb.
You kill Ijyb!
Your Axes skill gained 4 levels and is now at level 6!
You have reached level 2!
Things that are here:
a +0 dagger; a +0 scale mail; the goblin corpse of Ijyb
Okay, then.
You start resting.
HP restored.
You open the door.
An ogre comes into view. It is wielding a +0 giant spiked club.
The ogre shouts!
Roll where?
Press: ? - help, Dir - move target, f - ogre
Aim: an ogre, wielding a +0 giant spiked club You roll forward with a clatter of scales!
You hit the ogre but do no damage.
Your tail-slap misses the ogre.
The ogre hits you with a +0 giant spiked club!
Ouch! That really hurt!
A red film seems to cover your vision as you go berserk!
You feel yourself moving faster!
You feel mighty!
You hit the ogre.
The ogre is lightly wounded.
The ogre barely misses you.
You slash the ogre!
The ogre is heavily wounded.
The ogre hits you with a +0 giant spiked club!!
Ouch! That really hurt!
You die...

##########
#<.#..@O.#
#..').#..+
#..#####+#
#..# #..#
#..# #⌠⌠#
####


You could see an ogre.

Vanquished Creatures
  Ijyb (D)
1 creature vanquished.

Notes
Turn   | Place    | Note
-------+----------+-------------------------------------------
     0 | D        | jt the Palentonga Fighter began the quest for the Orb.
     0 | D        | Reached XP level 1. HP: 19/19 MP: 1/1
     2 | D        | Noticed Ijyb
    64 | D        | Killed Ijyb
    65 | D        | Reached skill level 6 in Axes
    65 | D        | Reached XP level 2. HP: 22/25 MP: 2/2
    92 | D        | Noticed an ogre
    96 | D        | Mangled by an ogre

Illustrated notes

Levels and vault maps discovered:
D:        dungeon_sprint_1 [red_sonja_temple_1, red_sonja_temple_small_1]

Skill      XL: |  1 |
---------------+----+-----
Axes           | 6 |  6.1
Fighting       | |  3.0
Armour         | |  2.4
Shields        | |  2.4

Action                   || total
-------------------------++-------
Melee: War axe           ||    18
       Unarmed           ||     7
       Tailslap          ||     2
 Abil: Rolling Charge    ||     2
  Use: Potion            ||     1
Armor: Scale mail        ||     8
Dodge: Dodged            ||    13

Table legend: (Time is in decaauts)
 A = Elapsed time spent in this place.
 B = Non-inter-level travel time spent in this place.
 C = Inter-level travel time spent in this place.
 D = Time resting spent in this place.
 E = Time spent auto-exploring this place.
 F = Levels seen in this place.
 G = Mean time per level.
                   A        B        C        D        E       F      G
               +--------+--------+--------+--------+--------+-----+--------+
         Total |     89 |     89 |      0 |     24 |      0 |   1 |   89.0 |
       Dungeon |     89 |     89 |      0 |     24 |      0 |   1 |   89.0 |
               +--------+--------+--------+--------+--------+-----+--------+

Top non-repeatable levels by time:
       D: 89 daAuts
